 Dungeon Crawl Stone Soup version 0.30.0-11-gf55b779eaf (webtiles) character file.

Game seed: 2610630113895250095

22746 freelancePsychic the Fighter (level 12, -2/119 HPs)
             Began as an Armataur Hunter on May 16, 2023.
             Was a Priest of Ignis.
             Slain by Snorg (15 damage)
             ... on level 3 of the Lair of Beasts.
             The game lasted 00:18:34 (13638 turns).

freelancePsychic the Fighter (Armataur Hunter)     Turns: 13638, Time: 00:18:34

Health: -2/119     AC: 19    Str: 18    XL:     12   Next: 65%
Magic:  12/12      EV:  8    Int: 14    God:    Ignis [***...]
Gold:   273        SH:  0    Dex: 24    Spells: 11/11 levels left

rFire   + + .        q - +8 dagger "Widowmaker" {vamp, rF+ Dex+2}
rCold   . . .        (no shield)
rNeg    . . .        C - +0 steam dragon scales
rPois   .            n - +1 helmet
rElec   .            M - +0 cloak
rCorr   .            L - +0 pair of gloves
SInv    .            k - +0 barding
Will    .....        K - amulet "Suofamuh" {Regen+ Int+5 Dex+4 Stlth+}
Stlth   ++++++       I - +4 ring of slaying
HPRegen 1.19/turn    (no ring)
MPRegen 0.13/turn

%: roll
@: lethally poisoned (-2 -> -12), slowed, very slow
A: large, rugged brown scales 3, deformed body, armoured tail, roll, long
tongue, awkward tongue
a: Renounce Religion, Fiery Armour, Foxfire Swarm, Rising Flame


You were on level 3 of the Lair of Beasts.
You worshipped Ignis.
Ignis was most pleased with you.
You visited 2 branches of the dungeon, and saw 14 of its levels.

You collected 918 gold pieces.
You spent 645 gold pieces at shops.

Inventory:

Hand Weapons
 a - a +3 dagger
 b - a +0 shortbow
 q - the +8 dagger "Widowmaker" (weapon) {vamp, rF+ Dex+2}
   (You found it on level 3 of the Dungeon)

   Dex:       It affects your dexterity (+2).
   rF:        It protects you from fire.
 P - a +2 heavy great sword
Missiles
 A - 2 throwing nets
 O - 3 javelins
Armour
 k - a +0 barding (worn)
 n - a +1 helmet (worn)
 C - +0 steam dragon scales (worn)
 L - a +0 pair of gloves (worn)
 M - a +0 cloak (worn)
Jewellery
 I - a +4 ring of slaying (left hand)
 K - the amulet "Suofamuh" (around neck) {Regen+ Int+5 Dex+4 Stlth+}
   (You bought it in a shop on level 3 of the Dungeon)

   [amulet of regeneration]

   Int:       It affects your intelligence (+5).
   Dex:       It affects your dexterity (+4).
   Regen:     It increases your rate of health regeneration.
   Stlth:     It makes you more stealthy.
 Q - a ring of resist corrosion
Wands
 c - a wand of iceblast (2)
 y - a wand of mindburst (7)
 B - a wand of quicksilver (11)
 F - a wand of paralysis (10)
 R - a wand of digging (6)
Scrolls
 e - a scroll of amnesia
 g - 5 scrolls of enchant weapon
 j - a scroll of immolation
 l - 3 scrolls of teleportation {@r4}
 p - a scroll of poison
 r - 2 scrolls of torment
 s - a scroll of silence
 u - 8 scrolls of blinking
 z - 4 scrolls of noise
 E - a scroll of fog {unknown}
 G - a scroll of brand weapon
 N - a scroll of magic mapping {unknown}
 S - a scroll of fear
Potions
 d - 7 potions of heal wounds {@q2}
 f - 2 potions of berserk rage
 h - 4 potions of brilliance
 i - 2 potions of haste {unknown}
 m - 3 potions of mutation {unknown}
 o - 3 potions of degeneration {unknown}
 t - 3 potions of curing {@q1}
 v - 6 potions of flight {unknown}
 w - 4 potions of resistance {unknown}
 x - 4 potions of attraction {unknown}
 D - 2 potions of might {unknown}
 H - a potion of lignification {unknown}
Miscellaneous
 J - a phial of floods


   Skills:
 + Level 11.8 Fighting
 - Level 10.0(10.3) Short Blades
 + Level 4.1(7.5) Long Blades
 - Level 2.9 Ranged Weapons
 - Level 11.0 Armour
 - Level 1.3 Dodging
 - Level 10.8 Stealth


You had 11 spell levels left.
You didn't know any spells.
Your spell library contained the following spells:

 Spells                   Type           Power      Damage    Failure   Level
 Magic Dart               Conj           0%         1d3       28%         1
 Blink                    Tloc           0%         N/A       41%         2
 Call Imp                 Summ           0%         N/A       41%         2
 Cigotuvi's Dreadful Rot  Necr/Pois/Air  0%         N/A       41%         2
 Lesser Beckoning         Tloc           0%         N/A       41%         2
 Poisonous Vapours        Pois/Air       0%         N/A       41%         2
 Gell's Gravitas          Tloc           0%         N/A       65%         3
 Hailstorm                Conj/Ice       0%         3d3       65%         3
 Inner Flame              Hex/Fire       0%         N/A       65%         3
 Mephitic Cloud           Conj/Pois/Air  0%         N/A       65%         3
 Teleport Other           Tloc           0%         N/A       65%         3
 Dispel Undead            Necr           0%         3d6       96%         4
 Ice Form                 Ice/Tmut       0%         N/A       96%         4
 Manifold Assault         Tloc           0%         N/A       96%         4
 Freezing Cloud           Conj/Ice/Air   0%         6-21      100%        5
 Yara's Violent Unravell  Hex/Tmut       0%         3d3       100%        5
 Death Channel            Necr           0%         N/A       100%        6
 Simulacrum               Ice/Necr       0%         N/A       100%        6
 Enfeeble                 Hex            0%         N/A       100%        7
 Storm Form               Tmut/Air       0%         N/A       100%        7


Dungeon Overview and Level Annotations

Branches:
Dungeon (11/15)            Temple (0/1) D:4            Lair (3/5) D:11
 Spider (0/4) Lair:2          Orc (0/2) D:9
  Swamp: Lair:2-3    Shoals: Lair:2-3

Altars:
Ashenzari
Fedhas
Makhleb
Qazlal
Ru
Sif Muna
Trog
Yredelemnul
The Shining One
Ignis

Shops:
D:3 =   D:10 =

Portals:
Abyss: D:6

Annotations:
D:5 Edmund
D:6 2 transporters, exclusion: door, Cheops's ghost, novice AtSu
D:11 1 transporter, Sobieck's ghost, journeyman KoGl
Lair:3 Snorg


Innate Abilities, Weirdness & Mutations

You are completely covered in rugged brown scales. (AC +3, +7% HP)
Armour fits poorly on your strangely shaped body.
You have a long armoured tail.
You roll when moving toward enemies. (Rampage)
Your long tongue fully drains potion bottles. (2x potion effects)
Your tongue gives you trouble enunciating. (1.5x scroll delay)


Message History

Snorg is moderately wounded.
Snorg barely misses you. Snorg claws you. Snorg claws you but does no damage.
Unknown command.
You puncture Snorg!
Flame seeps out of Snorg.
You feel better.
Snorg is heavily wounded.
The hornet stings you.
You are poisoned.
You suddenly lose the ability to move!
Snorg is engulfed in blazing flames.
Flame seeps out of Snorg.
Snorg bites you but does no damage. Snorg claws you but does no damage. x2
You feel sick.
The hornet stings you but does no damage.
Snorg is engulfed in blazing flames.
Flame seeps out of Snorg.
Snorg bites you!! Snorg claws you. Snorg claws you but does no damage.
The hornet stings you!
You are more poisoned.
You feel yourself slow down.
You feel very sick.
Snorg is engulfed in blazing flames.
Flame seeps out of Snorg.
Snorg bites you but does no damage. Snorg claws you but does no damage. x2
The hornet completely misses you.
Snorg is engulfed in blazing flames.
Flame seeps out of Snorg.
Snorg bites you. Snorg claws you! Snorg claws you.
You feel yourself speed up.
You feel very sick.
The hornet stings you but does no damage.
Snorg is engulfed in blazing flames.
Flame seeps out of Snorg.
Snorg bites you but does no damage. Snorg completely misses you.
Snorg claws you but does no damage. The hornet stings you!
You are more poisoned.
You feel yourself slow down.
You can move again.
You hit the hornet but do no damage.
You feel very sick. Snorg bites you!
* * * LOW HITPOINT WARNING * * *
Snorg claws you but does no damage. x2; The hornet barely misses you.
Snorg bites you!
* * * LOW HITPOINT WARNING * * *
Snorg claws you!
You die...

#..# .... ##..## #.P..
#####.P..## ....
#.........## ###+..##
#.........P# #......#
##.........## #......
#....y......## #......
#....T@....#.####....).
#.##..........##P.....#
#..................#
##......######..†...
#.......# #.....#
#######.# #..##†## ####
#####.†# #####.#
##.....## ##....##
#....##.##


You could see Snorg (berserk, inner flame) and a hornet (inner flame).

Vanquished Creatures
  A hydra (Lair:3)
  The ghost of PerfectTommy the Cleaver, a novice MiFi of Okawaru (Lair:1)
  A two-headed ogre (D:8)
  The ghost of nroviw the Basher, a journeyman VSFi of Gozag (Lair:1)
  Sonja (D:10)
  A pharaoh ant (Lair:2)
  A manticore (D:11)
  5 elephants (Lair:1)
  2 black mambas (Lair:2)
  3 cane toads (Lair:2)
  An unseen horror (D:11)
  Psyche (D:10)
  5 komodo dragons
  Maggie (D:7)
  A rime drake (Lair:1)
  A troll (D:10)
  A hornet (D:10)
  Prince Ribbit (D:7)
  4 blink frogs (Lair:2)
  A jumping spider (Lair:2)
  A shadow (D:11)
  A vampire (D:11)
  20 yaks
  3 wyverns
  3 basilisks
  Eustachio (D:6)
  A steam dragon (D:9)
  A redback (Lair:2)
  4 vampire mosquitoes (D:10)
  An acid dragon (D:11)
  10 water moccasins
  8 orc warriors
  4 ice beasts
  A sky beast (D:8)
  3 black bears (D:11)
  2 wolves (D:11)
  2 ogres
  3 centaurs
  A phantom (D:6)
  2 kobold brigands
  14 bullfrogs
  A gnoll sergeant (D:10)
  2 scorpions
  9 wights
  10 killer bees
  3 howler monkeys
  11 orc priests
  A gnoll bouda (D:5)
  A jelly (D:6)
  3 hounds
  3 sleepcaps
  Crazy Yiuf (D:2)
  7 iguanas
  10 orc wizards
  15 gnolls
  14 adders
  A shadow imp (D:8)
  3 white imps
  An ufetubus (D:5)
  2 worms (D:3)
  A dart slug (D:5)
  57 orcs
  2 ball pythons
  10 endoplasms
  6 giant cockroaches
  9 goblins
  7 hobgoblins
  12 kobolds
  4 quokkas
  6 bats
  6 frilled lizards
  3 rats
341 creatures vanquished.

Vanquished Creatures (others)
  19 foxfires
19 creatures vanquished.

Grand Total: 360 creatures vanquished

Notes
Turn   | Place    | Note
-------+----------+-------------------------------------------
     0 | D:1      | freelancePsychic the Armataur Hunter began the quest for
                  | the Orb.
     0 | D:1      | Reached XP level 1. HP: 18/18 MP: 1/1
    84 | D:1      | Found a faded altar of an unknown god.
    89 | D:1      | Prayed at the altar of an unknown god.
    89 | D:1      | Became a worshipper of Ignis, the Dying Flame
   344 | D:1      | Reached XP level 2. HP: 25/25 MP: 2/2
  1019 | D:2      | Reached XP level 3. HP: 32/32 MP: 3/3
  1260 | D:2      | Found a runed translucent door.
  1261 | D:2      | Noticed Crazy Yiuf
  1306 | D:2      | Reached XP level 4. HP: 29/39 MP: 4/4
  1625 | D:2      | Reached XP level 5. HP: 43/48 MP: 5/5
  1840 | D:3      | Found a stormy altar of Qazlal.
  1841 | D:3      | Noticed a fire elemental
  1841 | D:3      | Noticed an air elemental
  1841 | D:3      | Noticed a water elemental
  2066 | D:3      | Reached skill level 5 in Stealth
  2207 | D:3      | Identified the +8 dagger "Widowmaker" {vamp, rF+ Dex+2}
  2597 | D:3      | Found Goorchan's Jewellery Shoppe.
  2719 | D:4      | Reached XP level 6. HP: 38/55 MP: 6/6
  2814 | D:4      | Found a staircase to the Ecumenical Temple.
  3004 | D:4      | Reached skill level 1 in Short Blades
  3139 | D:4      | Found a shimmering blue altar of Sif Muna.
  3277 | D:5      | Entered Level 5 of the Dungeon
  3416 | D:5      | Noticed Edmund
  3488 | D:5      | Reached XP level 7. HP: 64/64 MP: 7/7
  3985 | D:5      | Found a basalt altar of Yredelemnul.
  3986 | D:5      | Found a blossoming altar of Fedhas.
  3988 | D:5      | Found a burning altar of Makhleb.
  3989 | D:5      | Found a sacrificial altar of Ru.
  4011 | D:5      | Found a broken altar of Ashenzari.
  4151 | D:6      | Found a transporter.
  4170 | D:6      | Noticed a raiju
  4171 | D:6      | Found a transporter.
  4182 | D:6      | Reached skill level 5 in Fighting
  4243 | D:6      | Found a one-way gate to the infinite horrors of the Abyss.
  4243 | D:6      | Noticed Cheops's ghost (novice AtSu)
  4402 | D:6      | Noticed a small abomination
  4432 | D:6      | Reached XP level 8. HP: 72/72 MP: 8/8
  4796 | D:6      | Reached skill level 5 in Short Blades
  4933 | D:6      | Noticed Eustachio
  4967 | D:6      | Killed Eustachio
  5607 | D:6      | Reached XP level 9. HP: 80/80 MP: 9/9
  6349 | D:7      | Noticed Maggie
  6353 | D:7      | Killed Maggie
  6372 | D:7      | Noticed Prince Ribbit
  6409 | D:7      | Killed Prince Ribbit
  7348 | D:8      | Reached XP level 10. HP: 92/92 MP: 10/10
  7468 | D:8      | Noticed a two-headed ogre
  7481 | D:8      | Killed a two-headed ogre
  7482 | D:8      | Reached skill level 10 in Stealth
  8402 | D:9      | Found a staircase to the Orcish Mines.
  9179 | D:10     | Entered Level 10 of the Dungeon
  9234 | D:10     | Noticed Sonja
  9235 | D:10     | Found a glowing golden altar of the Shining One.
  9238 | D:10     | Killed Sonja
  9309 | D:10     | Reached skill level 10 in Short Blades
  9311 | D:10     | Reached skill level 1 in Armour
  9447 | D:10     | Reached XP level 11. HP: 96/101 MP: 11/11
  9478 | D:10     | Found Uhicsaraemn's Jewellery Boutique.
  9947 | D:3      | Bought the amulet "Suofamuh" {Regen+ Int+5 Dex+4 Stlth+}
                  | for 645 gold pieces
 10491 | D:10     | Noticed Psyche
 10494 | D:10     | Killed Psyche
 10541 | D:10     | Identified the +3 falchion "Yluvu" {drain, Str+9 Int-2
                  | Stlth-}
 10615 | D:10     | Reached skill level 5 in Armour
 10734 | D:11     | Noticed a two-headed ogre
 10737 | D:11     | Noticed Sobieck's ghost (journeyman KoGl)
 10743 | D:11     | Found a transporter.
 10748 | D:11     | Found a bloodstained altar of Trog.
 10748 | D:11     | Noticed a tengu warrior
 10801 | D:11     | Found a staircase to the Lair.
 11416 | D:2      | Killed Crazy Yiuf
 11935 | D:11     | Found a transporter.
 12063 | Lair:1   | Entered Level 1 of the Lair of Beasts
 12162 | Lair:1   | Reached skill level 10 in Fighting
 12421 | Lair:1   | Reached XP level 12. HP: 115/115 MP: 12/12
 12655 | Lair:1   | Found a runed translucent gate.
 12656 | Lair:1   | Found a runed translucent gate.
 12656 | Lair:1   | Found a runed translucent gate.
 12657 | Lair:1   | Noticed PerfectTommy's ghost (novice MiFi)
 12657 | Lair:1   | Noticed nroviw's ghost (journeyman VSFi)
 12934 | Lair:1   | Killed nroviw's ghost
 12962 | Lair:1   | Killed PerfectTommy's ghost
 13121 | Lair:2   | Reached skill level 1 in Long Blades
 13121 | Lair:2   | Reached skill level 10 in Armour
 13459 | Lair:2   | Found a hole to the Spider Nest.
 13501 | Lair:2   | Noticed a four-headed hydra
 13554 | Lair:3   | Noticed a six-headed hydra
 13558 | Lair:3   | Killed a six-headed hydra
 13623 | Lair:3   | Noticed Snorg
 13634 | Lair:3   | Paralysed by a hornet for 3 turns
 13638 | Lair:3   | Slain by Snorg

Illustrated notes

Levels and vault maps discovered:
D:1:      tekkud_arrival_beachfront_property, layout_loops_corners,
          hellmonk_ecumenical_altar_heavens_door
D:2:      cheibrodos_pilgrimage, layout_basic, uniq_crazy_yiuf_cottage
D:3:      layout_basic, nicolae_qazlal_style_of_elements, serial_shops,
          nicolae_shop_real_fake_doors, serial_glass, glass_columns_c,
          glass_columns_a, glass_columns_c, glass_columns_b, glass_columns_a,
          glass_columns_b, glass_columns_a, glass_columns_a,
          dreamdust_wishing_well, nicolae_figureground_pulse
D:4:      layout_rooms, led_sif_pool, minmay_temple_entry_slanted
D:5:      layout_cave_pools, mainiacjoe_overflow_alcove_3, lemuel_crystal_altar,
          minmay_circle_x, uniq_edmund
D:6:      cheibrodos_two_vegetables, layout_loops_corners,
          gammafunk_ghost_abyssal_escape, uniq_eustachio
D:7:      layout_gridville, nrook_campfire, uniq_maggie, uniq_prince_ribbit1
D:8:      layout_basic
D:9:      layout_basic, orc_0_dummy, chequers_garden
D:10:     layout_stronghold, nicolae_overflow_crystal_walls, serial_shops, shop,
          uniq_sonja, uniq_psyche
D:11:     layout_basic, minmay_lair_entry_grove, serial_curves, eino_curves_02,
          eino_curves_03, gammafunk_ghost_wrathful_warriors
Lair:1:   layout_chaotic_city, gammafunk_ghost_cemetery, lemuel_fruit_tree
Lair:2:   layout_chaotic_city, nicolae_spider_entry_lesser_pyramids,
          chequers_serial_rivers_large_b, beast_lair_carwin_9,
          lemuel_fruit_fields
Lair:3:   layout_roguey, minmay_swamp_entry_reptiles, dreamdust_wasp_nest,
          serial_bayou_shore_a, grunt_megastairs_2, serial_bayou_shore_b,
          infiniplex_staircase_pool, lemuel_fruit_fields, uniq_gastronok,
          uniq_snorg, uniq_urug, uniq_josephine

Skill      XL: |  1  2  3  4  5  6  7  8  9 10 11 12 |
---------------+-------------------------------------+-----
Fighting       | 2 3 4 5 6 7 8 10 11 | 11.8
Stealth        | 2 3 4 5 6 7 8 9 10 | 10.8
Short Blades   | 2 4 6 8 10 | 10.0
Armour         | 3 9 11 | 11.0
Long Blades    | 4 |  4.1
Ranged Weapons | |  2.9
Dodging        | |  1.3

Action                     |  1- 3 |  4- 6 |  7- 9 | 10-12 || total
---------------------------+-------+-------+-------+-------++-------
  Melee: Dagger            |    21 |   196 |   375 |   674 ||  1266
         Tailslap          |     5 |    33 |    61 |   132 ||   231
         Punch             |       |     6 |     8 |    12 ||    26
   Fire: Shortbow          |    88 |       |       |       ||    88
 Invoke: Foxfire Swarm     |       |     1 |     1 |       ||     2
         Fiery Armour      |       |     1 |     1 |       ||     2
  Evoke: Wand              |       |       |       |     4 ||     4
    Use: Scroll            |       |     2 |     5 |    11 ||    18
   Stab: Sleeping          |     1 |    11 |    14 |    24 ||    50
         Distracted        |       |       |     1 |     7 ||     8
 Armour: Leather armour    |    25 |    73 |    82 |       ||   180
         Steam dragon scal |       |       |    34 |   267 ||   301
  Dodge: Dodged            |    31 |    65 |    91 |   179 ||   366
